 Dungeon Crawl Stone Soup version 0.31-a0-1308-ga3cce3a448 (webtiles) character file.

Game seed: 13777147902515617301

7 grandjackal the Slasher (level 1, 0/16 HPs)
             Began as a Demonspawn Gladiator on Dec 19, 2023.
             Slain by a hobgoblin (3 damage)
             ... on level 1 of the Dungeon.
             The game lasted 00:00:43 (129 turns).

grandjackal the Slasher (Demonspawn Gladiator)       Turns: 129, Time: 00:00:44

Health: 0/16       AC:  4    Str: 14    XL:     1   Next: 91%
Magic:  1/1        EV: 12    Int:  8    God:
Gold:   7          SH:  0    Dex: 14    Spells: 0/0 levels left

rFire   . . .        a - +0 long sword
rCold   . . .        (no shield)
rNeg    . . .        b - +0 leather armour
rPois   .            c - +0 helmet
rElec   .            (no cloak)
rCorr   .            (no gloves)
SInv    .            (no boots)
Will    .....        (no amulet)
Stlth   +            (no ring)
HPRegen 0.22/turn    (no ring)
MPRegen 0.07/turn

%: no passive effects
@: no status effects
A: no striking features
a: no special abilities


You were on level 1 of the Dungeon.
You visited 1 branch of the dungeon, and saw 1 of its levels.

You collected 7 gold pieces.

Inventory:

Hand Weapons
 a - a +0 long sword (weapon)
Missiles
 d - 3 throwing nets (quivered)
 e - a javelin
Armour
 b - a +0 leather armour (worn)
 c - a +0 helmet (worn)
Scrolls
 f - a scroll of identify {unknown}
 h - a scroll of blinking {unknown}
Potions
 g - a potion of resistance {unknown}


   Skills:
 + Level 2.1 Fighting
 + Level 2.8 Long Blades
 + Level 1.9 Throwing
 + Level 2.8 Dodging


You couldn't memorise any spells.
You didn't know any spells.
Your spell library contained the following spells:

 Spells                   Type           Power      Damage    Failure   Level
 Wereblood                Tmut           0%         N/A       63%         2
 Irradiate                Conj/Tmut      0%         3d11      100%        5


Dungeon Overview and Level Annotations

Branches:
Dungeon (1/15)

Altars:


Message History

You hit the kobold.
You kill the kobold!
No target in view!
No target in view!
No target in view!
Unknown command.
HP restored.
h - a scroll labelled NED MEWIQUU
Found a ring mail.
You pick up a book of Changes and begin reading...
You add the spells Wereblood and Irradiate to your library.
You see here a +0 ring mail.
A rat comes into view.
The rat squeaks loudly.
You hear a shout!
Found a stone staircase leading down.
The rat bites you but does no damage.
You hit the rat.
You kill the rat!
No target in view! 2 kobolds come into view.
The kobold shouts!
There are monsters nearby!
The kobold shouts!
You hear a shout!
A ball python comes into view.
A hobgoblin comes into view.
The hobgoblin shouts!
The ball python hisses angrily.
The kobold hits you but does no damage. The kobold attacks as it pursues you!
The kobold hits you with a +0 dagger.
You see here a rat corpse.
A hobgoblin comes into view.
The hobgoblin shouts!
The kobold attacks as it pursues you! The kobold hits you with a +0 club.
You closely miss the kobold. The kobold closely misses you.
The hobgoblin closely misses you. The kobold attacks as it pursues you!
The kobold hits you with a +0 club.
You hit the hobgoblin but do no damage. The hobgoblin hits you.
The kobold hits you with a +0 club.
* * * LOW HITPOINT WARNING * * *
The hobgoblin hits you.
You die...

.........#
.........#
........># #g.#
#..# #..# #.†# #.#
#..#######....#
#..gKSK@g.....#
######.#######....#
##......# ..#
#.[###### #
#####.## ##....#
#...### #...# #...#


You could see 2 hobgoblins, a ball python and 2 kobolds.

Vanquished Creatures
  A dart slug (D:1)
  A giant cockroach (D:1)
  A kobold (D:1)
  2 ball pythons (D:1)
  A rat (D:1)
6 creatures vanquished.

Notes
Turn   | Place    | Note
-------+----------+-------------------------------------------
     0 | D:1      | grandjackal the Demonspawn Gladiator began the quest for
                  | the Orb.
     0 | D:1      | Reached XP level 1. HP: 16/16 MP: 1/1
   129 | D:1      | Slain by a hobgoblin

Illustrated notes

Levels and vault maps discovered:
D:1:      tarquinn_simple_flora_water_e, layout_basic, minmay_misc_feat_square,
          minmay_ruptured

Action                     || total
---------------------------++-------
  Melee: Long sword        ||    19
 Armour: Leather armour    ||    14
  Dodge: Dodged            ||    16

Table legend: (Time is in decaauts)
 A = Elapsed time spent in this place.
 B = Non-inter-level travel time spent in this place.
 C = Inter-level travel time spent in this place.
 D = Time resting spent in this place.
 E = Time spent auto-exploring this place.
 F = Levels seen in this place.
 G = Mean time per level.
                   A        B        C        D        E       F      G
               +--------+--------+--------+--------+--------+-----+--------+
         Total |    133 |    133 |      0 |      0 |     73 |   1 |  133.0 |
       Dungeon |    133 |    133 |      0 |      0 |     73 |   1 |  133.0 |
               +--------+--------+--------+--------+--------+-----+--------+

Top non-repeatable levels by time:
     D:1: 133 daAuts
